AoeStats
← ling147

Lombardia

510058864Analyzed
4v4 RM · 2d ago on Sep 29, 2026· 63m 50s· 8 players
Game mode
Random Map
Map size
Large (8 player)
Population
200
Speed
Normal
Resources
Standard
Victory
Conquest
Starting age
Dark Age
Ending age
Imperial Age
RankedLock teamsTeams togetherTeam positionsShared explorationLock speedFull tech treeHidden civsTurbo modeCheats
Victory
Defeat
🇮🇹 Franks · Italy
802
+6
🇨🇿 Spanish · Czechia
792
+6
🇬🇧 Celts · United Kingdom
764
+7
🇲🇽 Tatars · Mexico
672
+11
🇨🇳 Franks · China
567
-8
🇨🇳 Chinese · China
561
-8
🇨🇳 Huns · China
520
-7
🇨🇳 Chinese · China
520
-7
Bummo
4:57 Loom
11:30 Feudal Age
14:09 Wheelbarrow
13:22 Double-Bit Axe
21:03 Castle Age
18:27 Man-at-Arms
19:07 Horse Collar
20:41 Forging
20:32 Scale Mail Armor
21:09 Stone Mining
21:17 Pikeman
23:10 Chain Mail Armor
23:03 Heavy Plow
23:28 Hand Cart
33:51 Imperial Age
31:28 Gold Mining
31:50 Caravan
32:22 Fortified Wall
32:18 Gambesons
33:13 Iron Casting
33:43 Stone Shaft Mining
33:04 Arson
33:34 Masonry
34:56 Onager
36:56 Blast Furnace
37:05 Town Watch
38:14 Plate Mail Armor
38:20 Conscription
38:20 Elite Woad Raider
39:33 Town Patrol
39:56 Fletching
53:04 Halberdier
56:18 Siege Engineers
59:04 Guard Tower
59:35 Ballistics
60:16 Chemistry
[UBC] Lobo
0:43 Loom
12:40 Feudal Age
13:58 Wheelbarrow
13:11 Double-Bit Axe
13:08 Horse Collar
22:02 Castle Age
20:07 Fletching
20:27 Forging
23:51 Hand Cart
24:57 Pikeman
27:43 Caravan
30:01 Bow Saw
32:24 Bodkin Arrow
33:05 Iron Casting
32:36 Scale Barding Armor
32:31 Padded Archer Armor
32:33 Squires
32:20 Arson
33:00 Gold Mining
36:04 Fervor
36:16 Sanctity
36:07 Redemption
36:41 Bloodlines
36:31 Husbandry
35:53 Light Cavalry
41:58 Imperial Age
40:27 Inquisition
41:41 Atonement
41:42 Devotion
42:48 Stone Mining
44:01 Blast Furnace
45:50 Two-Man Saw
44:57 Heavy Plow
45:11 Guilds
45:59 Conscription
46:27 Hoardings
48:45 Block Printing
48:55 Illumination
49:08 Theocracy
48:54 Faith
48:33 Elite Conquistador
49:23 Bracer
49:44 Chain Barding Armor
49:37 Scale Mail Armor
49:52 Leather Archer Armor
48:59 Halberdier
49:07 Hussar
57:09 Chemistry
62:33 Plate Barding Armor
63:12 Supremacy
62:44 Elite Skirmisher
63:29 Thumb Ring
alexgiaco98
0:28 Loom
12:54 Feudal Age
16:15 Double-Bit Axe
16:56 Gold Mining
19:00 Stone Mining
25:00 Castle Age
26:24 Bow Saw
30:55 Imperial Age
29:59 Husbandry
31:09 Gold Shaft Mining
31:03 Cavalier
34:05 Caravan
36:55 Paladin
38:56 Chemistry
40:26 Scale Barding Armor
40:23 Chivalry
40:45 Conscription
42:04 Chain Barding Armor
51:03 Plate Barding Armor
✪KillerMx✪
10:56 Feudal Age
14:25 Double-Bit Axe
21:17 Castle Age
26:54 Wheelbarrow
31:09 Horse Collar
33:40 Bow Saw
39:47 Heavy Plow
43:11 Forging
43:07 Scale Barding Armor
49:04 Imperial Age
49:47 Hand Cart
56:06 Iron Casting
55:52 Chain Barding Armor
55:33 Scale Mail Armor
57:15 Bloodlines
57:09 Husbandry
56:37 Elite Steppe Lancer
60:16 Blast Furnace
60:22 Plate Barding Armor
ling147
16:02 Feudal Age
17:40 Wheelbarrow
16:50 Town Watch
21:31 Double-Bit Axe
21:29 Horse Collar
21:44 Gold Mining
21:47 Stone Mining
29:12 Castle Age
30:31 Hand Cart
30:16 Town Patrol
32:01 Bow Saw
32:04 Caravan
32:36 Coinage
32:11 Heavy Plow
34:09 Ballistics
34:08 Forging
33:50 Fletching
34:02 Scale Mail Armor
35:46 Gold Shaft Mining
35:47 Stone Shaft Mining
40:44 Imperial Age
42:25 Chemistry
40:48 Elite Chu Ko Nu
41:54 Conscription
41:22 Elite Fire Lancer
41:55 Arson
44:05 Rocketry
44:06 Chain Mail Armor
43:52 Padded Archer Armor
47:39 Plate Mail Armor
47:44 Iron Casting
47:25 Leather Archer Armor
47:05 Bodkin Arrow
50:45 Blast Furnace
49:12 Heavy Scorpion
林北才是接班人
11:02 Feudal Age
15:11 Bloodlines
18:36 Forging
21:27 Castle Age
22:52 Horse Collar
23:04 Gold Mining
23:02 Double-Bit Axe
23:08 Stone Mining
28:02 Heavy Plow
28:40 Gold Shaft Mining
28:18 Caravan
31:46 Wheelbarrow
31:15 Husbandry
30:36 Light Cavalry
35:25 Imperial Age
33:14 Hand Cart
35:03 Squires
34:23 Pikeman
35:32 Cavalier
37:19 Iron Casting
36:49 Scale Barding Armor
38:50 Conscription
40:12 Paladin
41:04 Halberdier
42:52 Blast Furnace
42:12 Chain Barding Armor
41:59 Scale Mail Armor
43:21 Ballistics
44:01 Chemistry
44:07 Chemistry
50:33 Plate Barding Armor
56:34 Chain Mail Armor
811731154
0:40 Loom
12:03 Feudal Age
15:30 Double-Bit Axe
18:28 Castle Age
21:17 Bow Saw
21:12 Stone Mining
21:13 Gold Mining
25:53 Scale Mail Armor
29:48 Caravan
31:57 Gold Shaft Mining
32:16 Stone Shaft Mining
34:53 Imperial Age
33:42 Squires
33:27 Arson
33:47 Padded Archer Armor
33:37 Fletching
33:58 Forging
35:21 Town Watch
36:01 Ballistics
36:41 Chemistry
37:09 Conscription
38:16 Two-Man Saw
38:07 Elite Fire Lancer
38:47 Elite Chu Ko Nu
40:48 Iron Casting
40:29 Leather Archer Armor
40:10 Bodkin Arrow
42:39 Chain Mail Armor
799787627
10:56 Feudal Age
25:38 Castle Age
30:39 Double-Bit Axe
33:22 Husbandry
39:26 Imperial Age
37:57 Bow Saw
39:44 Cavalier
41:58 Stone Mining
41:58 Gold Mining
42:42 Paladin
45:09 Forging
45:06 Scale Barding Armor
Connection lost

Rejoining the realm…

Still unreachable

The connection could not be restored.

Session expired

The server has moved on; the page needs a fresh start.